 Dungeon Crawl Stone Soup version 0.19-a0-1008-g4c63d25 (console) character file.

1066 brucemayne the Cleaver (level 8, -3/85 HPs)
             Began as a Vampire Berserker on July 22, 2016.
             Was a Priest of Trog.
             Slain by Shenda's ghost (13 damage)
             ... on level 8 of the Dungeon.
             The game lasted 00:08:23 (2329 turns).

brucemayne the Cleaver (Vampire Berserker)          Turns: 2329, Time: 00:08:24

Health: -3/85      AC: 11    Str: 23    XL:     8   Next: 7%
Magic:  8/8        EV:  7    Int: 10    God:    Trog [***...]
Gold:   187        SH:  0    Dex: 13    Spells: 0 memorised, 7 levels left

rFire  . . .     SeeInvis +     y - +0 battleaxe
rCold  . . .     Gourm    .     x - +0 plate armour
rNeg   . . .     Faith    .     (shield currently unavailable)
rPois  .         Spirit   .     (no helmet)
rElec  .         Dismiss  .     (no cloak)
rCorr  .         Reflect  .     t - +0 pair of gloves
SustAt .         Harm     .     (no boots)
MR     ++...                    (no amulet)
Stlth  ..........               (no ring)
                                h - ring of flight

@: berserking, regenerating, very quick, very resistant to hostile enchantments,
extremely unstealthy
A: fangs 3, see invisible, unbreathing
a: Berserk, Trog's Hand, Burn Spellbooks, Renounce Religion, Evoke Flight


You were on level 8 of the Dungeon.
You worshipped Trog.
Trog was most pleased with you.
You were full.

You visited 1 branch of the dungeon, and saw 8 of its levels.

You collected 187 gold pieces.

Inventory:

Hand Weapons
 a - a +0 hand axe
 y - a +0 battleaxe (weapon)
Missiles
 u - 7 tomahawks (quivered)
Armour
 b - a +0 animal skin
 l - a +0 scale mail
 r - a +0 ring mail
 t - a +0 pair of gloves (worn)
 v - a +0 scale mail
 x - a +0 plate armour (worn)
Jewellery
 h - a ring of flight (left hand)
Wands
 w - a wand of random effects (19/48)
 A - a wand of iceblast (8/15)
Scrolls
 d - a scroll of blinking {unknown}
 e - 5 scrolls of remove curse
 i - 2 scrolls of identify
 k - 3 scrolls of enchant weapon {unknown}
 o - 2 scrolls of magic mapping {unknown}
 p - a scroll of enchant armour {unknown}
Potions
 c - 3 potions of blood
 f - a potion of magic {unknown}
 g - 2 potions of lignification {unknown}
 j - a potion of agility
 m - a potion of mutation {unknown}
 n - a potion of degeneration {unknown}
 q - 2 potions of curing
 s - a potion of flight {unknown}
 z - a potion of might {unknown}


   Skills:
 - Level 2.6 Fighting
 + Level 9.1 Axes
 - Level 1.5 Armour
 - Level 2.1 Dodging


You had 7 spell levels left.
You didn't know any spells.

Dungeon Overview and Level Annotations

Branches:
Dungeon (8/15)
 Temple: D:4-7         Lair: D:8-11

Altars:
Fedhas
Makhleb
Sif Muna
Xom

Annotations:
D:4 Pikel
D:8 Erica; Shenda's ghost, novice TrMo


Innate Abilities, Weirdness & Mutations

Your natural rate of healing is unusually fast.
You have razor-sharp teeth.
You have supernaturally acute eyesight. (SInv)
You can survive without breathing.


Message History

You closely miss Erica.
Erica is heavily wounded.
You hit Shenda's ghost.
Shenda's ghost hits you but does no damage.
Unknown command.
You closely miss Erica.
Erica is heavily wounded.
You closely miss Shenda's ghost. Erica hits you but does no damage.
Shenda's ghost hits you.
* * * LOW HITPOINT WARNING * * *
Unknown command.
You barely miss Erica. Your bite misses Erica.
Erica is heavily wounded.
You closely miss Shenda's ghost. Shenda's ghost barely misses you.
Erica barely misses you.
Unknown command.
You hit Erica.
Erica is severely wounded.
You barely miss Shenda's ghost. Shenda's ghost hits you!
You die...

.... .... .... ..#
#.####### #... ...#
###..###.##
#....W@<..#
#.#..@##..#
#<........#
#.#....##.#
#.#.....#.##
#.#..#..#..#######.
#.#.##..#..........
#..................
###.##@.###.#######


You could see Erica and Shenda's ghost.

Vanquished Creatures
  A two-headed ogre (D:7)
  A hungry ghost (D:7)
  An orc warrior (D:7)
  A sky beast (D:8)
  A giant frog (D:7)
  A scorpion (D:4)
  A giant frog zombie (D:6)
  A quasit (D:7)
  An orc priest (D:4)
  A centaur skeleton (D:8)
  A giant frog skeleton (D:7)
  5 orc wizards (D:7)
  2 worker ants (D:7)
  Terence (D:2)
  4 adders
  A dart slug (D:1)
  3 giant geckos
  6 orcs
  3 giant cockroaches
  4 hobgoblins
  A quokka (D:3)
  A ball python (D:3)
  7 bats
  A giant gecko skeleton (D:7)
  4 giant newts
  6 goblins
  7 kobolds
  8 rats
75 creatures vanquished.

Notes
Turn   | Place    | Note
-------+----------+-------------------------------------------
     0 | D:1      | brucemayne the Vampire Berserker began the quest for the Orb.
     0 | D:1      | Reached XP level 1. HP: 17/17 MP: 1/1
    94 | D:1      | Reached skill level 3 in Axes
   141 | D:1      | Reached XP level 2. HP: 13/23 MP: 2/2
   304 | D:1      | Reached ** piety under Trog
   411 | D:1      | Reached XP level 3. HP: 8/28 MP: 3/3
   532 | D:2      | Noticed Terence
   539 | D:2      | Killed Terence
   539 | D:2      | Reached skill level 4 in Axes
   700 | D:2      | Reached XP level 4. HP: 34/34 MP: 4/4
   923 | D:4      | Found a shimmering altar of Xom.
   938 | D:4      | Reached skill level 5 in Axes
   965 | D:4      | Noticed a slave
   966 | D:4      | Noticed a slave
   967 | D:4      | Noticed Pikel
   967 | D:4      | Noticed a slave
  1043 | D:2      | Reached XP level 5. HP: 16/39 MP: 5/5
  1274 | D:4      | Reached *** piety under Trog
  1379 | D:5      | Entered Level 5 of the Dungeon
  1567 | D:6      | Found a burning altar of Makhleb.
  1625 | D:7      | Noticed a hungry ghost
  1678 | D:7      | Killed a hungry ghost
  1678 | D:7      | Reached skill level 6 in Axes
  1678 | D:7      | Reached XP level 6. HP: 30/46 MP: 6/6
  1734 | D:7      | Noticed an orc warrior
  1759 | D:7      | Killed an orc warrior
  1759 | D:7      | Reached skill level 7 in Axes
  1883 | D:7      | Reached XP level 7. HP: 39/51 MP: 7/7
  1947 | D:7      | Found a deep blue altar of Sif Muna.
  2013 | D:7      | Noticed a two-headed ogre
  2028 | D:7      | Killed a two-headed ogre
  2028 | D:7      | Reached skill level 8 in Axes
  2172 | D:8      | Reached skill level 9 in Axes
  2172 | D:8      | Reached XP level 8. HP: 54/57 MP: 8/8
  2182 | D:8      | Noticed Erica
  2187 | D:8      | Noticed Shenda's ghost (novice TrMo)
  2257 | D:6      | Found a blossoming altar of Fedhas.
  2329 | D:8      | Slain by Shenda's ghost

Vault maps used:
D:1:      mrwooster_arrival_statue_3
D:2:      first_bread, minmay_stone_trees_small, grunt_ministairs_8,
          uniq_terence
D:3:      fountainhead
D:4:      overflow_temple_1_default, uniq_pikel
D:5:      lemuel_doored_altar, kennysheep_mini_moat
D:6:      overflow_temple_1_default, nicolae_overflow_hidden_temple,
          minmay_checkerbox, uniq_grinder
D:7:      kennysheep_orc_sif_temple
D:8:      overflow_temple_1_default, nicolae_dithmenos_the_darkroom,
          led_sif_pool, uniq_erica

Skill      XL: |  1  2  3  4  5  6  7 |
---------------+----------------------+-----
Axes           | 3 4 5 6 7 9 |  9.1
Fighting       | |  2.6
Armour         | |  1.5
Dodging        | |  2.1

Action                   |  1- 3 |  4- 6 |  7- 9 || total
-------------------------+-------+-------+-------++-------
Melee: Hand axe          |   113 |   168 |    81 ||   362
       Bite              |     9 |    13 |    14 ||    36
       Battleaxe         |       |       |     8 ||     8
Invok: Berserk           |     3 |     3 |     2 ||     8
       Trog's Hand       |     1 |     1 |     2 ||     4
  Use: Potion            |     5 |    13 |     5 ||    23
       Scroll            |       |       |     3 ||     3
Armor: Animal skin       |    23 |       |       ||    23
       Scale mail        |    18 |    46 |       ||    64
       Plate armour      |       |    11 |    78 ||    89
Dodge: Dodged            |    89 |    80 |    37 ||   206
